AoeStats
← KK

Arena

507010571Analyzed
4v4 RM · 17d ago on Sep 16, 2026· 39m 4s· 8 players
Game mode
Random Map
Map size
Large (8 player)
Population
200
Speed
Normal
Resources
Standard
Victory
Conquest
Starting age
Dark Age
Ending age
Imperial Age
RankedLock teamsTeams togetherTeam positionsShared explorationLock speedFull tech treeHidden civsTurbo modeCheats
Victory
Defeat
🇦🇺 Burgundians · Australia
1394
+18
🇦🇺 Spanish · Australia
1348
+20
🇦🇺 Gurjaras · Australia
1304
+22
🇳🇿 Bohemians · New Zealand
1145
+27
🇨🇳 Mongols · China
1507
-24
🇦🇹 Poles · Austria
1459
-23
🇩🇰 Wu · Denmark
1391
-20
🇨🇳 Spanish · China
1373
-20
Dongart
11:26 Feudal Age
10:15 Loom
15:55 Castle Age
13:55 Double-Bit Axe
14:25 Gold Mining
15:19 Fletching
16:46 Bodkin Arrow
S.T.A.R.S. Wesker
10:36 Feudal Age
14:58 Castle Age
12:50 Horse Collar
13:54 Double-Bit Axe
21:28 Loom
29:44 Wheelbarrow
maxder
10:34 Feudal Age
11:04 Horse Collar
14:33 Castle Age
12:40 Double-Bit Axe
15:28 Bow Saw
15:18 Heavy Plow
17:56 Wheelbarrow
17:11 Loom
19:17 Scale Barding Armor
20:24 Bloodlines
20:15 Husbandry
20:27 Szlachta Privileges
22:51 Bloodlines
23:45 Forging
23:38 Husbandry
24:14 Fletching
KK
10:34 Feudal Age
10:36 Loom
14:11 Castle Age
12:22 Double-Bit Axe
12:57 Horse Collar
15:50 Bow Saw
28:10 Imperial Age
25:46 Fletching
25:48 Gold Mining
26:12 Stone Mining
26:40 Bodkin Arrow
27:01 Padded Archer Armor
28:53 Bracer
30:07 Leather Archer Armor
31:25 Wheelbarrow
30:36 Town Watch
31:28 Gold Shaft Mining
31:29 Stone Shaft Mining
32:47 Chemistry
32:09 Ballistics
31:32 Elite Mangudai
33:21 Conscription
33:22 Hand Cart
33:43 Bloodlines
33:33 Husbandry
35:47 Parthian Tactics
35:27 Thumb Ring
35:24 Husbandry
GG
11:12 Feudal Age
14:48 Castle Age
12:35 Horse Collar
13:05 Double-Bit Axe
14:56 Gold Mining
16:53 Cavalier
19:00 Husbandry
20:50 Forging
22:26 Iron Casting
21:59 Scale Barding Armor
24:44 Wheelbarrow
30:11 Stone Mining
31:41 Hand Cart
33:19 Loom
33:20 Town Watch
34:57 Iron Casting
34:42 Chain Barding Armor
35:25 Fletching
39:16 Imperial Age
38:15 Bodkin Arrow
Rogue Cat
11:22 Feudal Age
15:32 Castle Age
14:22 Double-Bit Axe
15:10 Horse Collar
16:59 Bow Saw
18:27 Fletching
26:51 Bodkin Arrow
27:37 Wheelbarrow
28:25 Heavy Plow
33:46 Imperial Age
39:37 Bracer
39:38 Padded Archer Armor
40:42 Two-Man Saw
unbearable
10:30 Feudal Age
14:21 Castle Age
13:03 Horse Collar
13:55 Double-Bit Axe
21:48 Husbandry
23:01 Bloodlines
23:55 Forging
27:47 Scale Mail Armor
31:51 Wheelbarrow
34:44 Iron Casting
34:25 Chain Mail Armor
40:19 Imperial Age
38:06 Bow Saw
38:03 Gold Mining
38:13 Stone Mining
38:31 Heavy Plow
(:)-|-<
10:51 Feudal Age
14:32 Castle Age
14:41 Padded Archer Armor
14:22 Horse Collar
14:29 Double-Bit Axe
27:07 Bloodlines
35:38 Wheelbarrow
35:50 Leather Archer Armor
38:17 Fletching
38:40 Loom
Connection lost

Rejoining the realm…

Still unreachable

The connection could not be restored.

Session expired

The server has moved on; the page needs a fresh start.